Map: Pilares de oro EE

Players

MrFercho

  • Race: Zerg Zerg
  • League: Silver
  • Spawn Location: 7:00

Arthur - Winner!

  • Race: Protoss Protoss
  • League: Silver
  • Spawn Location: 1:00

VOD

Have the link to the VOD?

Description

Time

  • Played on: July 3, 2020, 11:41 p.m.
  • Length: 3:47
Show
View Real Time Build Order
Export as new Build Order

MrFercho Zerg 

Build Orders: 3 Hatch before Pool 

Get SALT Encoding   

  12  0:01  Drone  
  13  0:12  Drone  
  14  0:20  Overlord  
  14  0:31  Extractor  
  14  0:32  Extractor  
  14  0:33  Drone x2  
  14  0:39  Drone  
  17  0:48  Drone  
  18  1:02  Drone  
  18  1:03  Hatchery  
  19  1:19  Hatchery  
  19  1:23  Drone x2  
  20  1:29  Spawning Pool  
  20  1:32  Extractor, Drone  
  19  1:39  Drone  
  20  1:50  Drone  
  20  1:51  Extractor  
  20  1:59  Drone  
  21  2:14  Drone  
  21  2:30  Spine Crawler  
  21  2:33  Spine Crawler  
  21  2:35  Zergling x4  
  7  2:52  Zergling x6  
  5  3:06  Drone  
  5  3:07  Drone  
Show
View Real Time Build Order
Export as new Build Order

Arthur Protoss - Winner!

Build Orders:  

Get SALT Encoding   

  12  0:02  Probe  
  14  0:14  Probe  
  14  0:26  Probe  
  15  0:48  Pylon  
  15  1:06  Gateway, Probe  
  16  1:11  Gateway  
  16  1:21  Gateway  
  16  1:24  Pylon  
  16  1:27  Probe  
  17  1:44  Probe  
  17  1:45  Zealot  
  18  1:50  Zealot  
  20  1:56  Probe  
  20  1:59  Zealot  
  25  2:11  Zealot  
  27  2:15  Zealot  
  29  2:32  Zealot  
  31  2:46  Pylon  
  31  2:53  Pylon  
  31  3:04  Zealot x3  
Tags
 
Add a new tag
Caveats
  • Supply blocks, unpowered buildings, or Contaminate may cause inaccurate times.
  • Supply counts are checked every 10 seconds.